 Dungeon Crawl Stone Soup version 0.16.1-18-g436b03c (webtiles) character file.

9 Hogger the Covered (level 2, 0/19 HPs)
             Began as a Mummy Wanderer on May 2, 2015.
             Slain by a hobgoblin
             ... wielding a +0 club
              (3 damage)
             ... on level 1 of the Dungeon.
             The game lasted 00:00:35 (362 turns).

Hogger the Covered (Mummy Wanderer)                  Turns: 362, Time: 00:00:36

Health: 0/19       AC:  5    Str: 15    XL:     2   Next: 3%
Magic:  2/2        EV: 10    Int: 10    God:
Gold:   0          SH:  0    Dex: 12    Spells: 0 memorised, 1 level left

rFire  x . .     SeeInvis .     a - +2 dagger
rCold  + . .     Clarity  .     d - +0 ring mail
rNeg   + + +     SustAb   .     (no shield)
rPois  ∞         Gourm    .     (no helmet)
rElec  .         Spirit   .     (no cloak)
rCorr  .         Warding  .     (no gloves)
rMut   .         Stasis   .     (no boots)
MR     .....                    (no amulet)
Stlth  +.........               (no ring)
                                (no ring)

@: not resistant to hostile enchantments, very unstealthy
A: no food or potions, fire vulnerability, restore body, cold resistance 1,
negative energy resistance 3, poison resistance, torment resistance, unbreathing
a: no special abilities


You were on level 1 of the Dungeon.
You were not hungry.

You visited 1 branch of the dungeon, and saw 1 of its levels.

Inventory:

Hand weapons
 a - a +2 dagger (weapon)
 c - a +0 falchion
 f - a +0 whip
   (You found it on level 1 of the Dungeon)
Armour
 d - a +0 ring mail (worn)
Scrolls
 b - a scroll of fear
 e - a scroll of identify {unknown}


   Skills:
 + Level 1.3(2.1) Short Blades
 - Level 2.4(2.6) Long Blades
   Level 1.5 Axes
 - Level 2.4 Armour
 - Level 1.5 Stealth


You had one spell level left.
You didn't know any spells.

Dungeon Overview and Level Annotations

Branches:
Dungeon (1/15)

Altars:


Innate Abilities, Weirdness & Mutations

You do not eat or drink.
Your flesh is vulnerable to fire.
Your flesh is cold resistant.
You are immune to negative energy.
Your system is resistant to poisons.
You are immune to unholy pain and torment.
You can survive without breathing.


Message History

You hit the hobgoblin. The hobgoblin hits you.
You take 2 damage, and have 11/13 hp.
You hit the hobgoblin. The hobgoblin barely misses you.
You closely miss the hobgoblin.
The hobgoblin hits you but does no damage.
You hit the hobgoblin.
You kill the hobgoblin!
You see here a hobgoblin corpse.
A kobold comes into view. It is wielding a dagger.
The kobold moves out of view.
No target in view!
The kobold is too close now for your liking.
The kobold hits you but does no damage.
You hit the kobold. The kobold hits you but does no damage.
You closely miss the kobold. You hit the kobold.
You kill the kobold!
No target in view!
You see here a dagger.
You see here a whip.
f - a whip You see here a dagger.
A rat comes into view.
A rat is nearby!
A bat comes into view.
There are monsters nearby!
The bat closely misses you. The bat barely misses you.
You barely miss the bat. The bat barely misses you.
You hit the bat but do no damage. The bat barely misses you.
You hit the rat.
You kill the rat!
Your Short Blades skill increases to level 1!
You hit the bat.
You kill the bat!
No target in view!
No target in view!
No target in view!
No target in view!
No target in view!
No target in view!
No target in view!
No target in view!
No target in view!
No target in view!
No target in view!
No target in view!
A bat comes into view.
A bat is nearby!
The bat hits you but does no damage.
Health restored: 13 The bat hits you but does no damage.
The bat hits you.
You take 1 damage, and have 12/13 hp.
The bat completely misses you. The bat hits you but does no damage.
A hobgoblin comes into view. It is wielding a club.
The hobgoblin shouts!
The bat hits you but does no damage.
The hobgoblin moves out of view.
A goblin comes into view. It is wielding a club.
A giant newt and a goblin come into view.
The goblin shouts!
The bat barely misses you.
The goblin moves out of view.
A goblin comes into view.
You closely miss the bat.
The goblin shouts!
The bat hits you but does no damage. x2
The goblin moves out of view.
You hit the bat. The bat hits you.
You hit the giant newt. The bat hits you.
You hit the giant newt.
You kill the giant newt!
The bat hits you but does no damage. The bat barely misses you.
You hit the bat.
You kill the bat!
The goblin hits you but does no damage.
You take 2 damage, and have 10/13 hp.
You closely miss the goblin. The goblin hits you but does no damage.
The goblin barely misses you.
You closely miss the goblin. The goblin barely misses you.
The goblin hits you with a dagger.
You closely miss the goblin.
You take 1 damage, and have 9/13 hp.
You hit the goblin. The goblin hits you with a dagger.
The hobgoblin hits you but does no damage.
You are too injured to fight recklessly!
You are too injured to fight recklessly!
You are too injured to fight recklessly!
You are too injured to fight recklessly!
You take 3 damage, and have 6/13 hp.
MASSIVE DAMAGE!!
The goblin hits you with a club.
* * * LOW HITPOINT WARNING * * *
You take 4 damage, and have 2/13 hp.
MASSIVE DAMAGE!!
You hit the goblin.
You kill the goblin!
You have reached level 2!
MP restored: 2 You closely miss the hobgoblin.
The hobgoblin hits you with a club.
You die...

# #.#### #....#
######### #@#
#.......# #g#
#.......# #g#
#.......# # #.#
#.......# . #g#
#.......# # #.#
#.......###### #)#
#.......#...## ###.#
###.#..)....##
#...######.####...##


You could see a hobgoblin and 2 goblins.

Vanquished Creatures
  2 goblins (D:1)
  A hobgoblin (D:1)
  3 bats (D:1)
  A giant newt (D:1)
  A kobold (D:1)
  A rat (D:1)
9 creatures vanquished.

Notes
Turn   | Place    | Note
--------------------------------------------------------------
     0 | D:1      | Hogger, the Mummy Wanderer, began the quest for the Orb.
     0 | D:1      | Hogger set off with: a +2 dagger, a scroll of fear, a +0 falchion, a +0 ring mail
     0 | D:1      | Reached XP level 1. HP: 13/13 MP: 1/1
   323 | D:1      | Reached skill level 1 in Short Blades
   348 | D:1      | HP: 2/13 [goblin/club (4)]
   356 | D:1      | Reached XP level 2. HP: 2/19 MP: 2/2
   362 | D:1      | Slain by a hobgoblin

Action                   || total
-------------------------++-------
Melee: Dagger            ||    29

Vault maps used:
D:1:      dpeg_arrival_arbitrary_b, minmay_misc_feat_more_columns

Table legend:
 A = Turns spent in this place as a percentage of turns spent in the entire game.
 B = Non-inter-level travel turns spent in this place as a percentage of non-inter-level travel turns spent in the entire game.
 C = Inter-level travel turns spent in this place as a percentage of turns spent in this place.
 D = Turns resting spent in this place as a percentage of non-inter-level travel turns spent in this place.
 E = Turns spent auto-exploring this place as a percentage of non-inter-level travel turns spent in this place.
 F = Non-inter-level travel turns spent in this place divided by the number of levels of this place that you've seen.
                   A       B       C       D       E      F
               +-------+-------+-------+-------+-------+----------------------
         Total | 100.0 | 100.0 |   0.0 |   2.7 |   7.1 | 113.0
       Dungeon | 100.0 | 100.0 |   0.0 |   2.7 |   7.1 | 113.0
               +-------+-------+-------+-------+-------+----------------------

Table legend:
 A = Kills in this place as a percentage of kills in entire the game.
 B = Kills by you in this place as a percentage of kills by you in the entire game.
 C = Kills by friends in this place as a percentage of kills by friends in the entire game.
 D = Other kills in this place as a percentage of other kills in the entire game.
 E = Experience gained in this place as a percentage of experience gained in the entire game.
 F = Experience gained in this place divided by the number of levels of this place that you have seen.
                   A       B       C       D       E      F
               +-------+-------+-------+-------+-------+----------------------
         Total | 100.0 | 100.0 |  -nan |  -nan | 100.0 |  13.0
       Dungeon | 100.0 | 100.0 |  -nan |  -nan | 100.0 |  13.0
               +-------+-------+-------+-------+-------+----------------------
